cohdb
Replays
Latest Replays
All Replays
Popular Replays
Top Player Replays
Match Explorer
How It Works
Community
CoH3 Stats
Reddit
Sign in to upload your games and track your stats! →
Sign in with Steam
Match 40957338
Unlisted
Match 40957338
Overview
Messages
Build Orders
End
Panzergrenadier Squad
Selects Panzerjäger Kommand Battlegroup
Selects Blockade Equipment
Kradschützen Motorcycle Team
Panzergrenadier Squad
Construct Light Support Kompanie
MG34 Team
Fire Support Elements
Selects Tank Busters
Flakvierling Half-track
Panzerjäger Squad
Tungsten Core Ammunition
2.5-tonne Medical Truck
Construct Panzerarmee Kommand
Izzy
狂歌
Aiceris
Sparkle
Mo-J
Wheeler
0
0
Comments
sign in to comment!
No comments posted yet!